 Dungeon Crawl Stone Soup version 0.29.1-15-g9cfb28693d (webtiles) character file.

Game seed: 7119290374612235068

445 DemonSlayer the Magician (level 6, -7/41 HPs)
             Began as a Demonspawn Earth Elementalist on Feb 28, 2023.
             Blown up by a centaur (15 damage)
             ... with a mindburst bolt
             ... on level 5 of the Dungeon.
             The game lasted 00:08:59 (4128 turns).

DemonSlayer the Magician (DsEE)                     Turns: 4128, Time: 00:08:59

Health: -7/41      AC:  6    Str: 10    XL:     6   Next: 72%
Magic:  12/12      EV: 10    Int: 20    God:
Gold:   215        SH:  4    Dex: 14    Spells: 4/14 levels left

rFire   . . .      SeeInvis .   b - +0 short sword
rCold   . . .      Faith    .   (no shield)
rNeg    + . .      Spirit   .   h - +1 ring mail "Tosuit" {rN+ rCorr Int+2}
rPois   .          Reflect  .   (helmet restricted)
rElec   .          Harm     .   (no cloak)
rCorr   +          Rampage  .   (no gloves)
Will    .....                   (no boots)
Stlth   +.........              (no amulet)
HPRegen 0.13/turn               q - ring of resist corrosion
MPRegen 0.13/turn               (no ring)

@: no status effects
A: horns 1, powered by pain 1, big brain 1, condensation shield
a: no special abilities


You were on level 5 of the Dungeon.
You visited 1 branch of the dungeon, and saw 5 of its levels.

You collected 215 gold pieces.

Inventory:

Hand Weapons
 b - a +0 short sword (weapon)
Armour
 h - the +1 ring mail "Tosuit" (worn) {rN+ rCorr Int+2}
   (You found it on level 2 of the Dungeon)

   Int:       It affects your intelligence (+2).
   rN:        It protects you from negative energy.
   rCorr:     It protects you from acid and corrosion.
 p - a +0 leather armour of fire resistance
Jewellery
 g - a ring of ice
 q - a ring of resist corrosion (left hand)
Wands
 r - a wand of charming (9)
Scrolls
 a - a scroll of vulnerability {unknown}
 i - a scroll of teleportation {unknown}
 j - 2 scrolls of enchant armour {unknown}
 l - 2 scrolls of magic mapping {unknown}
 n - a scroll of enchant weapon {unknown}
 o - a scroll of amnesia {unknown}
Potions
 c - 3 potions of curing
 d - 2 potions of lignification
 e - a potion of degeneration {unknown}
 f - 5 potions of might
 k - 3 potions of resistance {unknown}
 m - 2 potions of magic
 s - 2 potions of flight {unknown}


   Skills:
 + Level 0.1 Fighting
 + Level 0.4 Short Blades
 + Level 1.8 Armour
 + Level 2.1 Dodging
 + Level 2.3 Stealth
 + Level 4.6 Spellcasting
 + Level 0.8 Transmutations
 + Level 4.5 Earth Magic


You had 4 spell levels left.
You knew the following spells:

 Your Spells              Type           Power      Damage    Failure   Level
a - Sandblast             Erth           44%        2d11      4%          1
b - Passwall              Tmut/Erth      12%        N/A       16%         2
c - Stone Arrow           Conj/Erth      26%        3d8       34%         3
d - Petrify               Tmut/Erth      15%        N/A       69%         4

Your spell library contained the following spells:

 Spells                   Type           Power      Damage    Failure   Level


Dungeon Overview and Level Annotations

Branches:
Dungeon (5/15)             Temple (0/1) D:4

Altars:

Shops:
D:1 =


Innate Abilities, Weirdness & Mutations

You have a pair of small horns on your head.
You sometimes gain a little power by taking damage.
You have an unusually large brain. (Int +2)
A meltable shield of frost defends you. (SH +4)


Message History

HP restored.
The iguana hisses angrily.
The iguana hisses menacingly.
An iguana is nearby!
An iguana is nearby!
The blast of sand hits the iguana.
The iguana is moderately wounded.
The blast of sand hits the iguana!
You kill the iguana!
You can't see any susceptible monsters within range! (Use Z to cast anyway.)
You can't see any susceptible monsters within range! (Use Z to cast anyway.)
You can't see any susceptible monsters within range! (Use Z to cast anyway.) Magic restored.
You see here an iguana corpse.
There is a stone staircase leading down here.
A centaur is nearby!
The centaur shouts!
The centaur wields a +0 shortbow.
The centaur shoots an arrow.
The arrow hits you.
The centaur zaps a wand.
You barely resist.
Something unseen opens the door.
You hear a shout!
An orc comes into view. It is wielding a +0 club.
You hear a shout!
The centaur shoots an arrow.
The arrow hits you.
An orc comes into view. It is wielding a +0 short sword.
You can't see any susceptible monsters within range! (Use Z to cast anyway.)
You can't see any susceptible monsters within range! (Use Z to cast anyway.)
An orc comes into view. It is wielding a +0 flail.
The centaur zaps a wand.
You barely resist.
The centaur shoots an arrow.
The arrow hits you!
You hear a shout!
The blast of sand hits the centaur.
The centaur is lightly wounded.
The centaur zaps a wand.
You barely resist.
The centaur zaps a wand.
Your mind is blasted!
You focus on the pain.
You feel your power returning.
You are too injured to fight recklessly!
The centaur shoots an arrow.
The arrow hits you.
* * * LOW HITPOINT WARNING * * *
The centaur zaps a wand.
Your mind is blasted!
You die...

..#......#
##############
.†..# #...# ###.#
#...#
.##.######...#####
.............†..>#
......##########.#
......# #.#
..≈≈### #@## ##
..≈c. ####..#...##
..≈≈# #.......#...
..... #......###..
.... #.o.o...#..#
.. #.....#....#
.o..c..#..#.#
#.#....##.....
#'#....# #...


You could see a centaur and 3 orcs.

Vanquished Creatures
  A black bear (D:5)
  A necrophage (D:4)
  A jelly (D:4)
  An orc priest (D:3)
  An orc wizard (D:3)
  3 iguanas
  4 adders
  2 ufetubi (D:4)
  2 worms
  A dart slug (D:3)
  9 orcs
  2 bat skeletons (D:2)
  A bat zombie (D:2)
  5 endoplasms
  A giant cockroach (D:3)
  5 goblins
  5 hobgoblins
  6 kobolds
  2 quokkas
  8 ball pythons
  A ball python skeleton (D:2)
  A ball python zombie (D:2)
  4 bats
  5 frilled lizards (D:1)
  5 rats
77 creatures vanquished.

Vanquished Creatures (others)
  A bush (D:5)
  13 plants (D:1)
14 creatures vanquished.

Grand Total: 91 creatures vanquished

Notes
Turn   | Place    | Note
-------+----------+-------------------------------------------
     0 | D:1      | DemonSlayer the Demonspawn Earth Elementalist began the
                  | quest for the Orb.
     0 | D:1      | Reached XP level 1. HP: 13/13 MP: 3/3
   290 | D:1      | Gained mutation: A meltable shield of frost defends you.
                  | (SH +4) [demonic ancestry]
   290 | D:1      | Reached XP level 2. HP: 19/19 MP: 3/5
   447 | D:1      | Found Vapnamin's Jewellery Boutique.
   452 | D:1      | You fall into a shaft and drop 1 floor!
   473 | D:2      | Identified the +1 ring mail "Tosuit" {rN+ rCorr Int+2}
   644 | D:1      | Learned a level 2 spell: Passwall
   830 | D:1      | Gained mutation: You have an unusually large brain. (Int
                  | +2) [demonic ancestry]
   830 | D:1      | Reached XP level 3. HP: 24/24 MP: 4/6
   968 | D:1      | Found a faded altar of an unknown god.
   970 | D:1      | Noticed a shining eye
   970 | D:1      | Noticed a shining eye
   972 | D:1      | Noticed a golden eye
   972 | D:1      | Noticed a floating eye
  1628 | D:2      | Learned a level 3 spell: Stone Arrow
  1796 | D:3      | Gained mutation: You have a pair of small horns on your
                  | head. [demonic ancestry]
  1796 | D:3      | Reached XP level 4. HP: 29/30 MP: 4/8
  2338 | D:3      | Reached XP level 5. HP: 32/35 MP: 4/10
  2677 | D:3      | Learned a level 4 spell: Petrify
  2998 | D:4      | Found a staircase to the Ecumenical Temple.
  3113 | D:4      | Gained mutation: You sometimes gain a little power by
                  | taking damage. [demonic ancestry]
  3113 | D:4      | Reached XP level 6. HP: 35/41 MP: 5/12
  3390 | D:4      | Reached skill level 1 in Armour
  3794 | D:5      | Entered Level 5 of the Dungeon
  4128 | D:5      | Blown up by a centaur

Illustrated notes

Levels and vault maps discovered:
D:1:      roderic_crop_circles_arrival_small, layout_basic, serial_shops, shop,
          hellmonk_ecumenical_altar_watching_god, chequers_serial_rivers_micro_c
D:2:      layout_rooms, serial_undead, serial_undead_b, serial_undead_d,
          serial_undead_d, serial_undead_c
D:3:      layout_basic, minmay_misc_feat_rows
D:4:      layout_gridville, minmay_temple_entry_glassed_door
D:5:      layout_basic, chequers_ossuary_entry_cave, minivault_25,
          kb_lookout_dungeons_type, minmay_strange_pillars

Skill      XL: |  1  2  3  4  5  6 |
---------------+-------------------+-----
Earth Magic    | 3 4 |  4.5
Stealth        | 2 |  2.3
Spellcasting   | 3 4 |  4.6
Dodging        | 2 |  2.1
Armour         | 1 |  1.8
Fighting       | |  0.1
Short Blades   | |  0.4
Transmutations | |  0.8

Action                   |  1- 3 |  4- 6 || total
-------------------------+-------+-------++-------
Melee: Unarmed           |     9 |       ||     9
       Short sword       |     2 |    13 ||    15
       Headbutt          |       |     2 ||     2
 Cast: Sandblast         |    55 |    71 ||   126
  Use: Potion            |     1 |       ||     1
       Scroll            |     2 |     1 ||     3
 Stab: Sleeping          |       |     1 ||     1
Armor: Robe              |     3 |       ||     3
       Ring mail         |     5 |    18 ||    23
Dodge: Dodged            |    13 |    30 ||    43
Block: Other             |     2 |     7 ||     9
